Workbook

Sheet summary
A2: BILL OF QUANTITIES (BOQ)
A4: BREP UPER CHITIRAL
A6: SUMMARY OF COST
A9: 1. Civil Works | B9: Rs. | C9: =Civil!F118 -> 0
A11: 2. Plumbing Works | B11: Rs. | C11: ='Plumbing BOQ'!$G$22 -> 0
A13: 3. HVAC | B13: Rs. | C13: =HVAC!F37 -> 0
A15: 4. Electrical | B15: Rs. | C15: ='Elec Summary'!C19 -> 0
A17: Total: | B17: Rs. | C17: =SUM(C9:D16) -> 0

Sheet Civil
A1: CIVIL WORKS | C1: BREP UPER CHITIRAL
A2: ITEM NO | B2: DESCRIPTION | C2: UNIT | D2: QTY | E2: RATE | F2: AMOUNT | G2: REMARKS
A3: A | B3: CIVIL WORKS
B4: DEEP CLEANING OF SITE | C4: Mandatory Compliance Required
A6: 1 | B6: Dismantling / Removal Works.
A7: 1.1 | B7: Dismantling / Removal of existing Block/Brick masonry, ceiling , R.C.C slab, projection ,sub floor cutting, chipping of plaster. Where required, Doors & windows with frame in any shape, Iron grills, mosaic skirting, Dado & all sanitary fixtures, water & drainage line, entire electrical wirings, disposed off useless materials/debries outside the municipal limits and stack useable materials as decided by bank's Engineer/Architect. Complete in all respect.(Contractor must visit the site prior to quote the rate).Salvage material to be returned to landlord or Bank as the case may be. | D7: -
B8: Major Dismantling
A9: a | B9: Brick work | D9: Job
A10: b | B10: Wood Work
A11: c | B11: Glass work
A12: d | B12: Steel Shutter's/Grill
A13: 2 | B13: Steel reinforcement For RCC Works (06-08-c)
B14: Providing, cleaning, cutting, bending , placing & fixing of minimum Dia 1/2" deformed Bars in position at any height, straight or curved steel conforming with the requirements of ASTM A615 Grade 40 for deformed hot rolled billet steel bars with minimum 40,000 psi yield strength including cost of testing, spacer block, steel chair pins, rolling margin, wastage, bindding wire & over lap not to be paid complete in all respects as per drwings,specification or approved by the Engineer/Architect. (steel @ 8" C/C, double mesh for strong room and locker room 9" walls & Single mesh for 6" walls) | C14: Kg | D14: 700 | F14: =D14*E14 -> 0
A15: 2.1 | B15: Proposed R.C.C Wall & Base for Locker & Strong rooms . 06-07-c-03
B16: Providing, & laying of (1:2:4) concrete having 3000 psi compressive strenth as per required thickness of R.C.C Wall for Locker and Strong rooms (As per drawings), using best quality ordinary Portland cement and local approved quality sand and crushed stone ,excluding Reinforcement as per drawing, form work and its removal, curing as per requirement,complete in all respects as approved by the Engineer/Architect. | C16: Cft | D16: 120 | F16: =D16*E16 -> 0 | G16: only vault and locker room
A17: 2.2 | B17: R.C.C Lintels/R.C.C Beams
B18: Providing, & laying, R.C.C Lintels/Beams of (1:2:4) concrete having 3000 psi compressive strength using best quality ordinary Portland cement and local approved quality sand and crushed stone ,excluding Reinforcement as per drawing. form work and its removal, curing as per requirement complete in all respects as approved by the Engineer/Architect. | C18: Cft | D18: 16 | F18: =D18*E18 -> 0 | G18: Doors and Windows
A19: 2.3 | B19: R.C.C Slab 6" thick (Excluding Steel).
B20: Providing, & laying, R.C.C slab (1:2:4) concrete having 3000 psi compressive strength using best quality ordinary Portland cement and local approved quality sand and crushed stone ,excluding Reinforcement as per drawing. form work and its removal, curing as per requirement complete in all respects as approved by the Engineer/Architect. | C20: Cft | D20: 12 | F20: =D20*E20 -> 0
A21: 3 | B21: RCC (1:2:4) Genset Pad-06-05-f
A22: 3.1 | B22: Providing & making of 1:2:4 concrete having compressive strength of 3000 Psi, using best quality ordinary Portland cement and local approved quality sand and crushed stone, curing as per requirement ,including Reinforcement of 1/2'' dia deformed steel bars @ 6'' C/C both ways single mesh with minimum 40,000 psi yield strength including form work and its removal, complete in all respects for Genrator Pad (size= 4x6x1) | C22: Cft | D22: 24 | F22: =D22*E22 -> 0 | I22: =E22/12 -> 0 | J22: =I22*3 -> 0
A23: 4 | B23: Block / Brick Masonry works.
B24: Providing & laying Block / Brick masonry walls including racking of joints with 1:4 cement sand mortar, complete in all respect as per drawing, specifications, curing as per requirement & satisfaction of bank's Engineer/Architect.
A25: 4.1 | B25: 4.5" thick Brick Masonry (First class Bricks) | C25: Cft | D25: 150 | F25: =D25*E25 -> 0
A26: 4.2 | B26: 9" thick Brick Masonry (First class Bricks) | C26: Cft | D26: 100 | F26: =D26*E26 -> 0 | G26: atm and outer walls
A27: 5 | B27: Plaster Works. 11-09-c
A28: 5.1 | B28: Providing & laying 1/2" to 1" thick cement sand plaster ( Internal / External ) with 1:4 cement sand mortar on walls, columns, beams, using best quality O.P.C. including 6" inches wide mesh at joints of structure for masonry and over conducting, (Only when required on old wall/ columns etc. as per satisfaction of bank's Engineer/Architect). | C28: Sft | D28: 1400 | F28: =D28*E28 -> 0
A29: 6 | B29: Plain cement Concrete
A30: 6.1 | B30: Providing, laying, average 2" thick Flooring (1:3:6) of 1250 psi compressive strength under any type of flooring using best Quality OPC and local approved quality sand and crushed stone, form work and its removal, complete in all respects as per approval of bank's Engineer/Architect. | C30: cft | D30: 250 | F30: =D30*E30 -> 0
A31: 6.2 | B31: Providing and laying 3" thick 1:4:8 cement concrete screed under floor for tiles including curing hacking/chipping of existing surface for bonding where necessary etc complete in all respects as per approval of bank's Engineer/Architect. | C31: cft | D31: 100 | F31: =D31*E31 -> 0 | H31: =2000*0.33 -> 660
A32: 7 | B32: Kitchen Vanity
B33: Providing and fixing kitchen cabinets counter type 21"deep consisting of 1:2:4 RCC slab supported with brick wall at sides and center, plaster, core cutting for sink bowl exclusive of Granite on counter top ocomplete in all respects and as directed by the Engineer. Granite ba | C33: Rft | D33: 6 | F33: =D33*E33 -> 0
A34: 7 | B34: Porcelains Tiles. (Flooring only )
B35: Providing and Laying 24"X24" Master, Shabir or equivalent local brand, at floor over 2" thick 1:4 cement motor including grouting with matching grout material,including wastage of materials leveling of floor before laying of tiles, complete in all respect as per satisfaction of bank's Engineer/Architect. | C35: Sft | D35: =1054.5+28-35.23 -> 1047.27 | F35: =D35*E35 -> 0
A36: a | B36: Skirting:-
B37: Providing and fixing of 4" high skirting as above tiles, leveling of walls before laying of tile skirting, grouting with matching grout material & including wastage of materials complete in all respect as per satisfaction of bank's Engineer/Architect. | C37: Rft | D37: 150 | F37: =D37*E37 -> 0
A38: 8 | B38: Bath Room / Services AreaTiles
B39: Providing / Laying 12"x18" Shabbir, Master or equivalent brand local tiles for washroom and kitchen area premium quality tiles on toilet & Pantry Collage on wall & on floor as per approved shade & layout pattern on base concrete including grouting of joint with matching grout material, ,including wastage of materials complete in all respect as per satisfaction of bank's Engineer/Architect. | C39: Sft | D39: =183+35.23 -> 218.23 | F39: =D39*E39 -> 0
A40: 9 | B40: Granite for Kitchen & Toilet / Vanity Top
B41: Providing, laying & fixing of pre polished 24mm thick shara grey granite of best quality with approved size and shade including making of gola, grouting and jointing including cost of cutting for basin and sink bowl including filling with silicone around joint complete in all respect as per satisfaction by the Engineer/Architect.
A42: 9.1 | B42: Pantry Counter Top ( Sahara grey / Super white marble / Golden black ) | C42: Sft | D42: 11 | F42: =D42*E42 -> 0
A43: 9.2 | B43: Toilet Counter Top / Washroom Vanity ( Sahara grey / Super white marble / Golden black ) | C43: Sft | D43: =5.66+1.42 -> 7.08 | F43: =D43*E43 -> 0
A44: 10 | B44: Granite for Stair/Entrance Steps
A45: 10.1 | B45: Providing and laying 20mm thick pre-polished Sahara Grey / Golden Black granite of approved quality and size on any type of flooring straight or curved, as per drawings, laid with cement slurry over cement sand mortar (1:4), including filling of joint with grouting material, rubbing, rounding and final chemical polish etc, complete in all respects. or as per specification of Bank's Architect/Engineer. | C45: Sft | D45: =40*4+35 -> 195 | F45: =D45*E45 -> 0
A46: 10.2 | B46: same as per above but providing at door sill, under glass sill etc position complete in all respects. | C46: Sft | D46: 0 | F46: =D46*E46 -> 0
A47: 11 | B47: Pavements (Tuff Pavers)- Parking Area
B48: Providing & fixing 60 mm thick Envicrete/IZHAR or EQ. Pavers including Kerb stone, excavation, backfill, 6" thick compacted soil, 1:4:8 Cement Concrete bed and 1:4 c.s mortar and 2" thick sand cushion as per bank's Engineer/Architect. ( New Pavements) Strength 3000 psi | C48: Sft | D48: 0 | F48: =D48*E48 -> 0
A49: 12 | B49: Paint Work(Including Primer and wall Putty )
A50: 12.1 | B50: Providing and applying, 3 coats of Berger, Nippon, Brighto Paints (approved color) Paint of approved color and shade, at any floor & at any height over one coat of primer and making smooth and even surface by Appling same branch base wall putty filling as per specifications, to surface of walls, complete in all respects as specified and as approved by the bank's Engineer/Architect. | C50: Sft | D50: 1500 | F50: =D50*E50 -> 0
A51: 12.2 | B51: Providing and applying, 3 coats of roller texture applied Berger, Nippon, Brighto Paints or equivalent (approved color) Weather sheild and shade, at any floor & at any height over one coat of primer and making smooth and even surface by Appling same brand weather shield putty base filling as per specifications, to surface of walls, complete in all respects as specified and as approved by the bank's Engineer/Architect. | C51: Sft | D51: 490 | F51: =D51*E51 -> 0
A52: 12.3 | B52: As above but with Matt enamel finish Berger, Nippon, Brighto Paints or equivalent (approved color) Paint of approved color and shade at all steel items complete in all respects. | C52: Sft | D52: 110 | F52: =D52*E52 -> 0
A53: 13 | B53: Cement Board (External Side as a Drop Beam)
B54: Providing and installation of cement board of 12mm sheets with double side front,back and bottom of bank premises i.e, internal sides of the premises of support 1/2"x2" , 14 swg pipe with all necessary fittings and paint of approved quality complete in all respects as directed by bank's Architect/Engineer. | C54: Sft | D54: 0
A55: 14 | B55: Wood Works.
A56: 14.1 | B56: Teller / Cash Counter
B57: Providing and making Teller's counter including 3" thick front and side walls, counter consisting of Partal wood frame, Teller's working counter top at 2'-6" height and coustomer counter top at 3'-6" height consisting of 1½"x1½" Partal wood frame covered with 3/4" thick MDF and toped with Local Corion of approved color (approximate quantity 100 Sq.ft), 12mm thick imported clear glass at front and as a divider fixed with S.S studs, 16"x22"x28" wooden drawer unit 01No. unit for each teller consisting of 3/4" thick lamination board with corion including best quality rails, handles, locks etc, Ash wood lipping, Complete in all respect. | C57: Rft | D57: 10 | F57: =D57*E57 -> 0
A58: 14.2 | B58: Bulk Head
B59: Providing and making bulk head using 2" x 2" partal wooden frame @ 2' c/c horizontal and vertical with 3/4" thick imported MDF on the front & Back sides & 3/4" thick imported MDF on the bottom of the bulkhead finished with Paint of approved color and shad, including all necessary fitting complete in all respects & as approved by the Bank's Engineer/Architect. | C59: Sft | D59: 25 | F59: =D59*E59 -> 0
A60: 14.1 | B60: Flush Doors (All doors )
B61: Providing and fixing 4" x 1.25'' thick partal wood Jamb Top ,Bottom, Left and Right Rail, including 1.25" x 1.5" thick partal wood Grid inner side frame with spacing of 8'' as per Drawing and filling of glued wood residue in between, 5" hinge and lock stiles with pressing of 3.2 mm ply wood panel sheet on front & back, With 3"x5/8" architectural beading , approved quality of oxidized brass hinges, brass screw, tower bolts, imported stainless steel Handle locks (Japanese/ Italy and European Brands ) and other hardware of brass including iron hold fasts, and 3 coats of matching Lacquer polish on leaf and door frame as per instructions of Architect/Engineer. | C61: Sft | D61: =35+42 -> 77 | F61: =D61*E61 -> 0
A62: a | B62: Wooden door without vision panel and with brass handle of two piece with toe skirting internal side S.S 16-18 gauge and G.I Frame complete in all respect New Star Japan/Korean/Italy door closer including oxidized double action brass hinges complete in all respects or as per instruction of Architect / Engineer. | C62: Sft | D62: 17.5 | F62: =D62*E62 -> 0 | H62: =171.5-21 -> 150.5
B63: Wooden Cabinets
A64: 15 | B64: Full / Low Height cabinets
B65: Providing and fabrication in position full height cabinets 16" deep. Approved color work consists of 3/4" thick laminated board boxing with 3/4" thick MDF Lamination of Formite/Partex//Platinum (code:) finished leaves, with lipping all around. All fittings i.e. screws, bolts Piano hinges, catchers, hydraulic locks, handles and all other accessories are part of the job including anti termite treatment etc. complete in all respects. | C65: Sft | D65: 60 | F65: =D65*E65 -> 0
A66: 15.1 | B66: Hanging cabinets: Providing and fabrication in position 12" wide Hanging cabinets in kitchen. Same specs as above to Full Height Cabinets, complete in all respects. | C66: Sft | D66: 12.5 | F66: =D66*E66 -> 0
A67: 15.2 | B67: Floor cabinets: Providing and fabrication in position 24" wide Floor cabinets in kitchen. Same specs as above to Full Height Cabinets, complete in all respects. | C67: Sft | D67: 13 | F67: =D67*E67 -> 0
A68: 16 | B68: Full Height Gypsum Partition
B69: Providing and fixing of full height 3" gypsum partition with aluminium frame 2'x2' with 12mm gypsum united/Arish brand on both sides including the cost of all screws, rowel bolts, nails, glue etc. painting with Juton paint. All wood should be termite proof complete in all respects. ​ complete in all respect or as directed by bank's Architect / Engineer. | C69: Sft | D69: 0
A70: 17 | B70: Low Height Gypsum Partition
B71: Same as per full height gypsum partitions but low height partition with 12mm thick, 4" white beach wood coping on top and front of low height partition including the cost of all screws, rowel bolts, nails, glue etc with lacquer polish and painting both the faces with Juton paint. All wood should be termite proof complete in all respects. ​ complete in all respect or as directed by bank's Architect / Engineer. | C71: Sft | D71: 0
A72: 18 | B72: Wooden Paneling/Cladding
B73: Providing, making and fixing in position wooden cladding over columns/walls consisting of 10mm thick MDF (Imported) veneered with 1/8" thick Ash ply over 1½"x1-1/2" thick local Partal wood frame, including solid Ash wood gola (as per design) matt lacquer polishing to wood/ ply, complete in all respects as per drawings and as directed by the Engineer/Architect. | C73: Sft | D73: 176 | F73: =D73*E73 -> 0
A74: 20 | B74: I.T Room Counter
B75: Providing and making IT counter of lamination board (of Formite /partex code: ) & matching beach wood lipping including mobile storage unit, at every 4'-0" Rft with key board tray and 3 coat of sprit polish of matching shade on lippping complete in all respects as per drawings and as approved by Bank's Engineer/Architect. | C75: Rft | D75: 0
A76: 21 | B76: Wooden Hanging Beams.
B77: Providing & fixing in position wooden Beams for support to fix glass, glass door & on top of walls up to roof slab consisting of 1 1/2 x2" @ 2'-0" c/c partal wood framing fixed to walls and top on slab and 10mm thick MDF Lasani board (Local) on both sides including nails, bolts, glue wastage, wood preservative, treatment & 3 coats of paint complete in all respect as per drawings and as directed by Bank' s Engineer/Architect. | C77: Sft | D77: 77.5 | F77: =D77*E77 -> 0
B78: Solid Ash Wood Louver
B79: Providing and fixing of solid ash wood louver of vertical members of size 1"x3" of required height C/C spacing 1.5" complete in all respect and as per approved design | C79: Sft | D79: 0
A80: 22 | B80: Aluminum Glass Woks.
A81: 22.1 | B81: 12MM Glass Doors
B82: Providing and fixing 12 mm thick clear glass doors with floor mounted imported door closer of approved quality, and top pivot, including fixing 2mm thick aluminum D48-B H section Approved local brand) White powder coated + New star, Khase, King,GCC (Range 8000/-With one Year replacement warranty from contractor.) floor machine at bottom, with gasket, best quality stainless steel door handles 24" long, locks, flate edgeing and polish of exposed edges, complete in all respects and as directed by the bank's Engineer/Architect. | C82: Sft | D82: 70 | F82: =D82*E82 -> 0
A83: 22.2 | B83: 12MM Glass Partitions
B84: Providing and fixing 12mm thick glass for Internal/External Partitions fixed with 2mm thick aluminum D48-B H section, (Pakistan or Chawla) White powder coated, U- channel along with the walls, true to plumbob with cover on the hollow end of the aluminum H sec. and polishing of exposed edges, complete in all respects and as directed by the Engineer/Architect. | C84: Sft | D84: 140 | F84: =D84*E84 -> 0
A85: 23 | B85: False Ceiling
A86: 23.1 | B86: Conclead Gypsum Board ceiling
B87: Providing and fixing plain 1/2" 8mm thick Gypsum board false ceiling Elephant/DFB made, with matel frame suspension system as per manufacturer's specifications including cost of tapes, filling of joints as per drawings and instruction of the Architect/Engineer complete in all respects. | C87: Sft | D87: 0 | F87: =D87*E87 -> 0
A88: 23.2 | B88: Laminated Gypsum Tile Ceiling
B89: Providing and fixing 600 x 600mm single sides laminated gypsum board false ceiling,including wastage of materials (make DFB or equivalent) with aluminum foil at back side with imported aluminum powder coated of approved suspension system (CKM ceiling suspension system UT/FUT series) with Disco T, as per drawing and design complete in all respects. | C89: Sft | D89: =1054+28 -> 1082 | F89: =D89*E89 -> 0 | G89: Entrire Branch
A90: 24 | B90: Stainless Steel Works.
A91: 24.1 | B91: Stainless Steel Stair Case Railing.
B92: Providing, fabricating and fixing in position 2’-9” high stair railing comprising of 2" diameter 16 SWG (Non magnet Grade 304) double stainless steel pipe at top , 1-1/2” SS balustrade fixed after every 3 steps or as shown in drawing, and middle 3/4" dia. stainless steel 16 SWG (Non magnet Grade 304) bars horizontally (3 No.), including cost of base plate, rawal bolts, rawal plugs, R.c.c cutting if required complete in all respects and as directed by the bank's Engineer. | C92: Rft | D92: 9 | F92: =D92*E92 -> 0
A93: 24.2 | B93: Stainless Steel Hand Rail for Wash Basin
B94: Providing, fabricating and fixing in position S.S finish grab hand railing comprising of 1-1/2" diameter 16 SWG (Non magnet Grade 304) stainless steel pipe, Both sides of wash basin , as shown in drawing, Fixed with walls and Floor, including cost of base plate, rawal bolts, rawal plugs, R.c.c cutting if required complete in all respects and as directed by the bank's Engineer. | C94: No | D94: -
A95: 24.3 | B95: Stainless Steel Hand Rail for Water Closet
B96: Providing, fabricating and fixing in position S.S finish grab hand railing comprising of 1-1/2" diameter 16 SWG (Non magnet Grade 304) stainless steel pipe L Shape , as shown in drawing, Fixed with walls, including cost of base plate, rawal bolts, rawal plugs, R.c.c cutting if required complete in all respects and as directed by the bank's Engineer. | C96: No | D96: 0
A97: 24.3 | B97: Stainless Steel Flip Hand Rail for Water Closet
B98: Providing, fabricating and fixing in position S.S finish Flip hand railing comprising of 1-1/2" diameter 16 SWG (Non magnet Grade 304) stainless steel pipe, as shown in drawing, Fixed with walls, including cost of base plate, rawal bolts, rawal plugs, R.c.c cutting if required complete in all respects and as directed by the bank's Engineer. | C98: No | D98: 0
A99: 25 | B99: Ms Security Grill
B100: Providing and fixing of MS enamel painted security grill of 1.5" x 1.5" Square hollow metal Frame (16SWG) with 1/2" x 1/2" soild MS bars @ 6" C/C & with diagonally/horizontally supports of solid MS bars of 1/4" x 1-1/2" as per design & drawing including cost of hinges for front door & MS Plate of 1' x 1' near front lock, lock slot for lock, welding, expension bolt, edges finishing, red oxide and fixing with necessary fittings as per design & drawings complete in all respects or as per instruction of Bank's Architect/Engineer's. Note: No grill will be fixed at ATM Area. | C100: Sft | D100: 110 | F100: =D100*E100 -> 0
A101: 26 | B101: Manual Grill Rolling Shutter
...

Sheet Plumbing BOQ
A1: PLUMBING WORKS | D1: BREP UPER CHITIRAL
A2: ITEM NO | B2: QTY | C2: DESCRIPTION | D2: UNIT | E2: QTY | F2: RATE | G2: AMOUNT
A3: 1 | C3: Providing and fixing Sanitary ware of PORTA make with all Sanitary fittings of Master /Sonex make including Muslim shower, Double Bib Cock, Towel Rail, Soap dish, Coat Hook & Toilet paper holder etc. complete in all respect or as directed by the Consultant / Bank's Engineer.
A4: 1.1 | C4: Indian Water Closet (Porta#HDD9) with Single Bib Cock complete in all respect. | D4: Nos | E4: 1 | G4: =E4*F4 -> 0
A5: 1.2 | C5: European Water Closet (Porta#HD9N/HD113A) with Single Bib Cock complete in all respect. | D5: Nos | E5: 0
A6: 1.3 | C6: Counter Top Porta vanity wash basin with Master /SONEX Mixer EUROSTYLE:Tier G3 performance complete in all respect. | D6: Nos | E6: 1 | G6: =E6*F6 -> 0
A7: 1.4 | C7: Pedestal /Semi Pedestal Porta wash basin with EUROSTYLE:Tier G3 performance complete in all respect. | D7: Nos | E7: 1 | G7: =E7*F7 -> 0
A8: 1.5 | C8: Master / Sonex/Faisal Muslim Shower including Double Bib Cock complete in all respect. | D8: Nos | E8: 2 | G8: =E8*F8 -> 0
A9: 1.6 | C9: Master / Sonex Chromium Plated Bib Tap complete in all respect (If required) | D9: Nos | E9: 2 | G9: =E9*F9 -> 0
A10: 1.7 | C10: Master Set of Towel bar, Paper holder complete in all respect. (Must be in Chromium Plated). | D10: Nos | E10: 2 | G10: =E10*F10 -> 0
A11: 1.8 | C11: One Hole Costa Sink Mixer complete in all respect (If required) | D11: Nos | E11: -
A12: 1.9 | C12: Kitchen Sink Bowl (Rashid) with wall mounted Rashid Costa Mixer and other fitting complete in all respect. | D12: Nos | E12: 1 | G12: =E12*F12 -> 0
A13: 1.1 | C13: Stainless Steel Soap dish complete in all respects (S.S.). | D13: Nos | E13: 2 | G13: =E13*F13 -> 0
A14: 2 | C14: Multifloor Trap & S.S. Floor Drain complete in all respects. | D14: Nos | E14: 3 | G14: =E14*F14 -> 0
A15: 3 | C15: Providing and fixing complete plumbing system by best quality UPVC, PPR piping (hot & cold ( (Dura/ Adam Jee) complete in all respect including connection from underground tank and main sewerage.(All material to be selected from approved manufacturers list only)
A16: 3.1 | C16: Kitchen | D16: Job | E16: 1 | G16: =E16*F16 -> 0
A17: 3.2 | C17: Toilets | D17: Job | E17: 1 | G17: =E17*F17 -> 0
A18: 4 | C18: Providing & fixing of 200 gallon Water Tank (Super Tuff/ Dura ) with PPR Piping of Dura/Adam Jee complete in all respects or as directed by Bank's Engineer/Architect. | D18: Job | E18: 1 | G18: =E18*F18 -> 0
A19: 5 | C19: Providing & fixing of 1.5 HP Water Pump as per requirement complete in all respects or as directed by Bank's Engineer/Architect. | D19: Job | E19: 1 | G19: =E19*F19 -> 0
A20: 6 | C20: Septick Tank Standard size, 7'x2'x5' complete ( (if required) | D20: Job | E20: 0
A21: 7 | C21: Soakage Pit standard size, 6'dia and 15'deep (if required) | D21: Job | E21: 0
A22: TOTAL PLUMBING AMOUNT | G22: =SUM(G4:G21) -> 0

Sheet HVAC
B1: HVAC WORKS | C1: BREP UPER CHITIRAL
A3: Item no. | B3: Description | C3: Unit | F3: Rate
A4: C | B4: PLUMBING WORKS
A6: 1 | B6: Providing and fixing sanitary ware of best quality IFO, Karam Cera make with all fitting of Sonix or Master accessories complete in all respect including Muslim shower towel rail soap dish Coat Hook Toilet paer holder etc.
A8: 1.1 | B8: water closet ( Indian ) | C8: Nos. | F8: 8000
A9: 1.2 | B9: water closet ( Eurpean) | C9: Nos. | F9: 10000
A10: 1.3 | B10: Counter top Basin | C10: Nos. | F10: 6500
A11: 1.4 | B11: Kitchen Sink Bowl | C11: Nos. | F11: 5000
A14: 2 | B14: Providing and fixing complete plumbing system by best quality UPVC PPVC piping complete in all respect including connection from underground tank and main sewerage
A16: 2.1 | B16: Kitchen | C16: Job | F16: 15000
A17: 2.2 | B17: Toilets | C17: Job | F17: 20000
D20: =SUM(D4:D19) -> 0
A23: ITEM No. | B23: DESCRIPTION | C23: UNIT | D23: QTY | E23: RATE | F23: AMOUNT
A24: 1 | B24: DC Inverter Air Conditioners
B25: Supply & Installation of Split Air Conditioners, DC INVERTERS with installation & testing complete in all respects; including control wiring from outdoor unit to indoor with 2 x 1.5 mm.sq. + 1 x 1.5 mm.sq wire drawn in PVC 'D' class conduit clipped to wall or ceiling (wiring make Pakistan Cable, AGE or Pioneer). The return and supply copper tubing to be sized as per manufacturer's recommendation and to be drawn in separate Aeroflex insulators.
A26: 1.1 | B26: 1.0 Ton Hier / Dawlance/Gree | C26: Nos
A27: 1.2 | B27: 1.5 Ton Hier / Dawlance/Gree | C27: Nos
A28: 1.3 | B28: 2.0 Ton Hier / Dawlance/Gree | C28: Nos
A30: 2 | B30: Installation of owner supplied Split Type Airconditioners including all related & allied works complete in all respect | C30: Nos. | D30: 5 | F30: =D30*E30 -> 0
A31: 3 | B31: Supply and installation of refrigerant piping (Brand Trox,mullar Swg 22) for wall mounted and ceiling cassette type ACs. with expanded rubber foam insulation protected with gray tape, gas charging if required. Control wiring for Reversible or cool only units with the provision of inside or outside power supply PVC insulated copper cable in PVC conduit (Make: Fast cables,Pakistan cables) between internal and external units, complete in all respect.
A32: a. | B32: 2.0 TON with 5/8 x 3/8 size in Swg 22 | C32: Rft | D32: -
A33: b | B33: 1.0 TON /1.5 TON with 1/2 x 1/4 size in Swg 22 | C33: Rft | D33: 120 | F33: =D33*E33 -> 0
A34: c | B34: 4-ton with 3/4 x 3/8 size in Swg 22 | C34: Rft | D34: -
A35: 4 | B35: Supply and installation of UPVC (3/4" and 1") Pipe for drain including cutting of CC Floor, Wall, Slab and filling by cement plaster complete in all respect. | C35: Rft | D35: 150 | F35: =D35*E35 -> 0
A36: 5 | B36: Providing and installing M.S angle iron brackets, treated with rust proof paint and enamel coating for external A/C's units fixed to the wall slab with Hilti bolts. | C36: Nos. | D36: 0
B37: TOTAL HVAC WORKS | F37: =SUM(F26:F36) -> 0

Sheet Elec Summary
A1: SUMMARY OF COST ELECTRICAL BOQ - BREP UPER CHITIRAL
A3: 1. Electrical Wiring | B3: Rs. | C3: ='Electrical Wiring'!F81 -> 0
A5: 2. Switchgear | B5: Rs. | C5: =Switchgear!F32 -> 0
A7: 3. Feeder & Sub Feeder | B7: Rs. | C7: ='Feeder & Sub Feeder'!F26 -> 0
A9: 4. Telephone System | B9: Rs. | C9: ='Telephone sys'!F10 -> 0
A11: 5. Computer Networking | B11: Rs. | C11: ='Computer net working'!F13 -> 0
A13: 6. Panic Alam System | B13: Rs. | C13: ='Panic Alarm'!F7 -> 0
A15: 7. Earthing System | B15: Rs. | C15: ='Earthing sys'!F14 -> 0
A17: 8. CCTV / Q Matic System | B17: Rs. | C17: =CCTV!F10 -> 0
A19: GRAND TOTAL | C19: =SUM(C3:C18) -> 0

Sheet Electrical Wiring
B1: ELECTRICAL WIRING | C1: BREP UPER CHITIRAL
A2: ITEM NO | B2: DESCRIPTION | C2: UNIT | D2: QTY | E2: RATE | F2: AMOUNT
A3: 1 | B3: Circuit Wiring
A4: 1.1 | B4: Providing, wiring & circuits for light points from distribution board to respective switch boxes as shown on the drawing wired with 3x2.5mm2 S/C PVC insulated cable in 20mm dia PVC conduit or PVC channel at slab/wall/column, complete with all conduit & wiring accessories and Megger Test Report must be carried out and to be submitted with the bill after completion of work along with Certificate of Geniuses of Electric Cables and its fixtures/accessories from Authorized Dealer/Distributor (FAST CABLES,PAK CABLE). (All material to be selected from approved manufacturer's list brand for PVC /UPVC pipeAdamjee,Dura.Beta or equivalent ) /as redocumented by Engineer as per site requirements. | C4: Nos. | D4: 10 | F4: =D4*E4 -> 0
A5: 1.2 | B5: Sub Circuit wiring, same as above but point to point | C5: Nos. | D5: 6 | F5: =D5*E5 -> 0
A6: 1.3 | B6: Same as item No. 01, above but, exhaust fan point,or bracket fan, ceiling fan complete in all respects. | C6: Nos. | D6: 5 | F6: =D6*E6 -> 0
A8: 2 | B8: Providing & Installation of wall (Steel blade) bracket fan for kitchen & vantage area, complete with all fixing accessories, ( Make: Pak Fan,GFC or Eq.) | C8: Nos. | D8: 2 | F8: =D8*E8 -> 0
A10: 3 | B10: Providing & Installation of 12” size (ceiling/wall mounted) exhaust fans with louvers. (Pak Fan,GFC or Eq.) | C10: Nos. | D10: 2 | F10: =D10*E10 -> 0
A11: 4 | B11: Providing & Installation of 24” size (Wallmounted) exhaust fans with louversfor Genset room. (Pak Fan,GFC or Eq.) | C11: Nos.
A12: 5 | B12: Providing & installation of 15 liter Electric Geaser with plumbing /Electric work complete with all respect (Nasgas or equilent) . | C12: Nos | D12: 1 | F12: =D12*E12 -> 0
A14: 6 | B14: Providing & installation of gang switch "Schenider" (Vivache series) with 16 SWG sheet steel box mounted concealed surface.
A15: a | B15: 1 Gang 10A | C15: Nos.
A16: b | B16: 2 Gang 10A - IT Room, Vault, Kitchen,washroom, ATM, Locker, Emergency Loby Area). | C16: Nos.
A17: c | B17: 3 Gang 10 A - BM, Banking Hall Ground floor, Teller. | C17: Nos. | D17: 3 | F17: =D17*E17 -> 0
A18: d | B18: 4 Gang 10 A - Banking Hall Area | C18: Nos. | D18: 3 | F18: =D18*E18 -> 0
A19: e | B19: 5 Gang 10 A | C19: Nos. | D19: 2 | F19: =D19*E19 -> 0
A20: f | B20: 6 Gang 10 A - Banking Hall, | C20: Nos | D20: 1 | F20: =D20*E20 -> 0
A21: 7 | B21: Light Point Wiring
A22: 7.1 | B22: Supply & installation of wiring of light point with 3x 1.5 sq.mm single core PVC insulated wires in 20 mm dia of PVC conduit in slab, wall, floor or on surface mounted completed in all respect from switch to point . Cable is (Pakistan Cable, Fast cable) (All material to be selected from approved manufacturer's list brand for PVC /UPVC pipeAdamjee,Dura.Beta or equivalent ) | C22: Nos | D22: 22 | F22: =D22*E22 -> 0
A23: 7.2 | B23: Same as item # 1 but point to point | C23: Nos | D23: 10 | F23: =D23*E23 -> 0
A24: 8 | B24: 15 Amp 3 Pin Power socket & Wiring (For Geyzer & Water Dispenser)
A25: 8.1 | B25: Providing & wiring of 15 Amps 3 pin power socket outlet wired with 3x2.5mm2 PVC insulated cable in 25mm dia PVC conduit or PVC duct recessed in wall/floor for Kitchen washroom Electric Geaser will all conduit & wiring accessories. (All material to be selected from approved manufacturer's list brand for PVC /UPVC pipeAdamjee,Dura.Beta or equivalent ) From DB to 3-pin switch | C25: Nos | D25: 3 | F25: =D25*E25 -> 0
A26: 8.2 | B26: Same as item 7.1 but outlet to outlet | C26: Nos | D26: 1 | F26: =D26*E26 -> 0
A27: 9 | B27: Providing, fixing & connecting of Schenider (Vivache style) make 15 Amps, ,Kitchen,washroom 3 pin switch socket outlet complete with appropriate size 1.5mm thick sheet steel coloured orange back box recessed in wall. | C27: Nos. | D27: 2 | F27: =D27*E27 -> 0
A28: 10 | B28: Providing & wiring of 13 Amps 3 pin power socket (Vivache style) outlet wired with 3x2.5 mm2 PVC insulated cable in 25mm dia PVC conduit or PVC duct recessed in wall/floor, complete will all conduit & wiring accessories in kitchen,lobby Hall area, Wash rooms,Custumer sitting area,"(For Other Area) | C28: Nos. | D28: 2 | F28: =D28*E28 -> 0
A29: 11 | B29: Same as item 13 but outlet to outlet | C29: Nos.
A30: 12 | B30: Providing, fixing & installation of "Schenider" make 13 /3 pin (Vivache style)switch socket outlet. with 1.5 mm thick sheet steel coloured orange back box complete with all accessories for Banking Hall, Water dispensor, kitchen,copier, Ventage.(For Other Area) | C30: Nos. | D30: 2 | F30: =D30*E30 -> 0
B31: Power Point Wiring (For officers etc)
A32: 13 | B32: Providing & wiring of 13Amps 3 pin (Vivache style) power socket outlet wired with 3x2.5 mm2 PVC insulated cable in 25mm dia PVC conduit or PVC duct recessed in wall/floor, complete will all conduit & wiring accessories for work stations." (For Wapda & UPS) (All material to be selected from approved manufacturer's list brand for PVC /UPVC pipeAdamjee,Dura.Beta or equivalent ) (Offices Area) | C32: Nos. | D32: 8 | F32: =D32*E32 -> 0
A34: 14 | B34: Providing, fixing & installation of 13Amps 3pin (Vivache style)switch socket ( "Schenider") with 1.5 mm thick steel sheet coloured orange back box complete with all accessories.(For BM office,I.T & all workstations wapda & UPS power sockets) (Offices Area) | C34: Nos. | D34: 8 | F34: =D34*E34 -> 0
A36: 15 | B36: Provding & Laying of Coaxial cable RG-75 in 25 mm dia PVc conduit for LCD Plasma Screen including TV socket with 1.5 mmthick back box of Clipsil make (Fast cables,Pakistan cables) (All material to be selected from approved manufacturer's list brand for PVC /UPVC pipeAdamjee,Dura.Beta or equivalent ) | C36: Nos. | D36: 1 | F36: =D36*E36 -> 0
A37: 16 | B37: Providing & installation of LED 36W/40W Linear light 3"x 1 Meter 4000K ( Osaka brand). | C37: Nos | D37: 0
A38: 17 | B38: Providing & installation of LED 40W panel light 1'X4' warm white 4000K ( Osaka brand) Contact for Osaka lights. | C38: Nos | D38: 0
A39: I | B39: 0321-5006164 & 051-5555916 for North region
A40: II | B40: 0300-8209080 for South region
A41: III | B41: 0321-5082508 for Centeral region
A43: 18 | B43: Providing & installation of LED 40w panel light 2'x2' -4000K ( Osaka brand Contact for Osaka lights. Lobby areas,BM. | C43: Nos | D43: 15 | F43: =D43*E43 -> 0
B44: 0321-5006164 & 051-5555916 for North region
B45: 0300-8209080 for South region
B46: 0321-5082508 for Centeral region
A47: 19 | B47: Providing & installation of LED 40w panel light 70mmx80mmx1000mm' warm white 4000K (Osaka brand) Contact for Osaka lights. | C47: Nos. | D47: 0
A48: I | B48: 0321-5006164 & 051-5555916 for North region
A49: II | B49: 0300-8209080 for South region
A50: III | B50: 0321-5082508 for Centeral region
A51: 20 | B51: Providing & installation of LED 18w round shape panel light - 4000K in ,Teller area,ATM, Kitchen, Vault (Osaka brand) Contact for Osaka lights. | C51: Nos. | D51: 10 | F51: =D51*E51 -> 0
A52: I | B52: 0321-5006164 & 051-5555916 for North region
A53: II | B53: 0300-8209080 for South region
A54: III | B54: 0321-5082508 for Centeral region
A56: 21 | B56: Providing & installation of LED 12w round shape panel light - 4000K in wash rooms, store,IT room, lobby area, out side the brach area, (Osaka brand) Contact for Osaka lights. | C56: Nos | D56: 0
A57: I | B57: 0321-5006164 & 051-5555916 for North region
A58: II | B58: 0300-8209080 for South region
A59: III | B59: 0321-5082508 for Centeral region
A60: 22 | B60: Providing & installation of LED COB Down lighter 7w round shape fixture(cash area, BM office & Branch internal corners) (Osaka brand) Contact for Osaka lights. | C60: Nos | D60: 4 | F60: =D60*E60 -> 0
B61: 0321-5006164 & 051-5555916 for North region
B62: 0300-8209080 for South region
B63: 0321-5082508 for Centeral region
A65: 23 | B65: Providing & installation of LED COB Down lighter 12w round shape fixture(cash receiving area,Varandah,ATM (Osaka brand) Contact for Osaka lights. | C65: Nos | D65: 0
B66: 0321-5006164 & 051-5555916 for North region
B67: 0300-8209080 for South region
B68: 0321-5082508 for Centeral region
A69: 24 | B69: Providing & installation of Osaka Bulk Head Round Light Bulb 12Wround shape fixture (Genset Room) (Osaka brand) Contact for Osaka lights. | C69: Nos | D69: 0
B70: 0321-5006164 & 051-5555916 for North region | C70: Nos
B71: 0300-8209080 for South region | C71: Nos
B72: 0321-5082508 for Centeral region | C72: Nos
B73: Ceiling Recessed Fan: Provide and install ceiling recessed fan Make Master three year warntee. For each officer, cash counter, BM room, visitior area, guard room. | C73: Nos | D73: 10 | F73: =D73*E73 -> 0
A74: 25 | B74: Supply & installation Pendant Lights complet in all respects any good quality (China) | C74: Nos | D74: 0
A77: 26 | B77: Providing 6 circuits with 2.5mmx3 for 5 UPS lights in Hall areas, Cash Counter, IT Room, vault room, ATM,OM, BM & wash rooms,Banking Hall. | C77: Nos | D77: 3 | F77: =D77*E77 -> 0
A78: 27 | B78: Providing installing & wiring for (single phase) split unit or Cassete Type from distribution board to respective switches or split unit with 3x4mm² S/C PVC cable in 25mm dia conduit, complete with all accessories including termination. (All material to be selected from approved manufacturer's list brand for PVC /UPVC pipeAdamjee,Dura.Beta or equivalent ) | C78: Nos | D78: 5 | F78: =D78*E78 -> 0
A79: 28 | B79: Providing installing & wiring for (three phase) split unit or Cassete Type from distribution board to respective switches or split unit with 2x6mm² + 1x4mm² S/C PVC cable in 25mm dia conduit, complete with all accessories including termination. (All material to be selected from approved manufacturer's list brand for PVC /UPVC pipeAdamjee,Dura.Beta or equivalent ) | C79: Nos | D79: 0
A80: 29 | B80: Providing installing & wiring 1 for Sign Board with 3x4mm² S/C PVC cable & 1 for(ATM sign board) in 25mm dia conduit with one 10 Amp 2 -pole MCB enclosed in 1 6mm thick back box , complete with all accessories. | C80: Nos | D80: 1 | F80: =D80*E80 -> 0
C81: Total | F81: =SUM(F4:F80) -> 0

Sheet Switchgear
A1: SWITCHGEAR | C1: BREP UPER CHITIRAL
A2: ITEM NO | B2: DESCRIPTION | C2: UNIT | D2: QTY | E2: RATE | F2: AMOUNT
B3: DISTRIBUTION PANELS / SWITCHBOARDS
B4: MAIN DISTRIBUTION BOARD. Main DB shall be made of 16 SWG steel sheet total enclosed electro static painted, wall mounted, indoor/outdoor type, suitable for operation on 3 phase 4 wires, 50 cycles, 400/600 volts system and shall comprise of Breakers to be installed by approved Panel Builder by AKBL (Schenider,Tarasaki) and Breaker Test Report must be attched with bill along with Certificate of Geniuses of all Breakers and its fixtures/accessories from Authorized Dealer/Distributor. / as redocumented by Engineer as per site requirements.
A5: 1 | B5: i) MDB
B6: INCOMING
B7: 100ATP MCCB (18 KA)
B8: 1x100 & 1X100 ATP MCCB Spare
B9: 3-CTs' ratio 150/5, make Fico , Effen , Camsco ( EU brand )
B10: 1-Digital Ammeter, make Camsco , Zigler, Entes ( EU brand )
B11: 1-Ammeter selector switch. Bretter (Itly) , Camsco
B12: 1-Digital Voltmeter +Voltmeter selector switch.Camsco , Zigler,Entes ( EU brand )
B13: 3-Phase indication lights. France Legrand. 1 No Copper Busbar complete with 4 bars TP 500 Volts.
B14: DB Size : 36" x 24" x 8" | C14: Nos | D14: 1 | F14: =D14*E14 -> 0
A16: 2 | B16: Distribution Board: Supply, install and connect following surface mounted DB's of 16 SWG sheet with 20% space for future requirement with MCCB and CB (Schenider,Tarasaki) and all mounting accessories as per the drawings. Complete in all respect.
B17: i) DB with 100 Amp MCCB with Volt / CT Ampere Meters For ( LIGHT, POWER and AC's )
B18: OUTGOING Breaker with 45MCB in each DB
B19: SP- MCB10/16/20/ Amp MCB (6 KA)
B20: DB Size : 25" x 24" x 6" | C20: Nos | D20: 1 | F20: =D20*E20 -> 0
A22: 3 | B22: iii) DB with Two 32Amp 2 Pole MCB only in main UPS DB for Computer "UPS Supply"
B23: OUTGOING Breaker with 20 MCB in each DB
B24: 10 Amp MCB (5 KA)
B25: install 32 Amp rotary changeover complete with all respect for UPS
B26: DB Size : 24" x 24" x 6" | C26: Nos
A28: 4 | B28: Providing and fixing of 10 KVA AVR in I.T room (sorvo motorize base with 30 sec delay) WITH 1 year complete gurantee | C28: Nos
A29: 5 | B29: Cable Tray
A30: i | B30: 8"x3" with cover 18 SWG with all respects. | C30: RFT | D30: 15 | F30: =D30*E30 -> 0
A31: ii | B31: 4"x3" with cover 18 SWG with all respects. | C31: RFT
B32: TOTAL | F32: =SUM(F4:F31) -> 0

Sheet Feeder & Sub Feeder
A1: FEEDER AND SUB-FEEDER | C1: BREP UPER CHITIRAL
A2: ITEM NO | B2: DESCRIPTION | C2: UNIT | D2: QTY | E2: RATE | F2: AMOUNT
B3: FEEDER AND SUB- FEEDER
B4: MAIN & SUB-MAIN CABLES
A5: 1 | B5: Providing, Laying, Testing, Termination and Commissioning of following single core/multi core PVC insulated Copper Conductor Cables for main/sub-main power distribution system as shown in the schematic drawings and cable schedule in already installed pvc conduit brand Adamjee,Dura.Beta pipe for Fast cable, Pakistan cables Work also includes necessary termination accessories like compression lugs, color coded sleeves, identification tags and Megger Test Report must be carried out and to be submitted with the bill after completion of work along with Certificate of Geniuses of Electric Cables and its fixtures/accessories from Authorized Dealer/Distributor. etc /as redocumented by Engineer as per site requirements.
A6: 2 | B6: 4C, 50 Sqmm PVC/PVC conduit brand Adamjee,Dura.Beta pipe Meter to DB-B | C6: Rft
B7: 4C, 35 Sqmm PVC/PVC conduit brand Adamjee,Dura.Beta pipe Meter to DB-B | C7: Rft
B8: 4C, 25 Sqmm PVC/PVC conduit brand Adamjee,Dura.Beta pipe Meter to DB-B | C8: Rft | D8: 60 | F8: =D8*E8 -> 0
B9: 4C, 16 Sqmm PVC/PVC conduit brand Adamjee,Dura.Beta pipe Meter to DB-B | C9: Rft
B10: 4C, 10 Sqmm PVC/PVC conduit brand Adamjee,Dura.Beta pipe Meter to DB-B | C10: Rft
A13: 3 | B13: 4C, 50 Sqmm PVC/PVC conduit brand Adamjee,Dura.Beta pipe (For Generator to ATS ) | C13: Rft
B14: 4C, 35 Sqmm PVC/PVC conduit brand Adamjee,Dura.Beta pipe (For Generator to ATS ) | C14: Rft
B15: 4C, 25 Sqmm PVC/PVC conduit brand Adamjee,Dura.Beta pipe(For Generator to ATS ) | C15: Rft
B16: 4C, 16 Sqmm PVC/PVC conduit brand Adamjee,Dura.Beta pipe(For Generator to ATS ) | C16: Rft | D16: 60 | F16: =D16*E16 -> 0
A19: 4 | B19: 4C, 35 Sqmm PVC/PVC conduit brand Adamjee,Dura.Beta pipeFrom ATS Panel to DB Breakers for A.C | C19: Rft
B20: 4C, 25 Sqmm PVC/PVC conduit brand Adamjee,Dura.Beta pipe From ATS Panel to DB Breakers for A.C | C20: Rft
B21: 4C, 16 Sqmm PVC/PVC conduit brand Adamjee,Dura.Beta pipe From ATS Panel to DB Breakers for A.C | C21: Rft
B22: 7x1Cx10 sqmm PVC/PVC conduit for UPS SMPB to UPS DB | C22: Rft | D22: 20 | F22: =D22*E22 -> 0
A23: 5 | B23: Providing & wiring of 3 x 06 Sqmm PVC/in PVC conduit brand Adamjee,Dura.Beta pipe From MDB to Clipsil Industrial Sockets for UPS input & output. | C23: Rft | D23: 20 | F23: =D23*E23 -> 0
A24: 6 | B24: Two pair Industrial Socket male & female make "Schenider" 32Amp UPS to UPS DB complete with all respect. | C24: Nos | D24: 4 | F24: =D24*E24 -> 0
A25: 7 | B25: 4 Core, 2.5 Sqmm weather proof Flexible Control Cable for ATS/AMF Operation including pvc conduit brand Adamjee,Dura.Beta pipe. | C25: Rft
B26: Total | F26: =SUM(F5:F25) -> 0

Sheet Telephone sys
A1: TELEPHONE SYSTEM | C1: BREP UPER CHITIRAL
A2: ITEM NO | B2: DESCRIPTION | C2: UNIT | D2: QTY | E2: RATE | F2: AMOUNT
A3: TELEPHONE SYSTEM
B5: Supply and install 1" PVC conduit (Galco/Beta/Popular) and place separately each of the CAT-6 UTP - 4 pairs cable and telephone cable including floor cutting, surface/concealed fixing, pull boxes, back boxes etc. Complete in all respect as per the drawing
B6: b. Telephone points with 2 pair 0.6 mm cable | C6: Points | D6: 8 | F6: =D6*E6 -> 0
A7: 1 | B7: Providing installation & termination of twisted 15 pair 0.6mm telephone shielded cable with earth conductor including 25 mmdia PVC pipe conduit brand Adamjee,Dura.Beta pipeconcealed/surface mounted including all accessories, terminations etc of the following sizes as per specifications / drawings and after completion of work the Certificate of Geniuses of Telephone Cables and its fixtures/accessories from Authorized Dealer/Distributor.. | C7: Rft | D7: 50 | F7: =D7*E7 -> 0
A8: 2 | B8: Providing & installation of Telephone socket outlet(CLIPSIL by Schenider) with Cat.6, telephone cable in 25 mm dia PVC conduit brand Adamjee,Dura.Beta pipe and sheet steel back box with brass earth terminal, concealed / surface including all its accessories, as per drawing & specifications,complete in all respect. | C8: NOS | D8: 8 | F8: =D8*E8 -> 0
A9: 3 | B9: Supply, installation and connection of telephone junction boxes in side & out side of the branch (T.J.Bs) fabricated in 16 SWG sheet steel housing with openable hinged cover, with brass earth terminal with accessories fixing arrangements etc. withcomplete in all respect.(Schenider, 3M Full Guage) Fake & Sub-standard Cable should be reject. | C9: NOS | D9: 1 | F9: =D9*E9 -> 0
B10: TOTAL | F10: =SUM(F6:F9) -> 0

Sheet Computer net working
A1: COMPUTER NET WORKING SYSTEM | D1: BREP UPER CHITIRAL
A2: ITEM NO | B2: Description | C2: Unit | D2: Qty | E2: Rate | F2: Amount
B3: COMPUTER NET WORKING SYSTEM
A4: 1 | B4: Providing, laying & Testing of Data cable Cat -6 in 25 mm dia pvc conduit brand Adamjee,Dura.Beta pipe including data outlet socket of Schneider make fixed on 1.5 mm thick steel colored orange back box complete in all respect( Schneider/ Corning Original) and Fluke Test Report must be carried out and report will be submitted with bill along Certificate of Geniuses of Network Cables and its fixtures/accessories from Authorized Dealer/Distributor./as redocumented by Engineer as per site requirements. | C4: Nos | D4: 8 | F4: =D4*E4 -> 0
A6: 2 | B6: Providing & fixing ports patch panel with one 24U racks for computer data Networking system with all fixing & 24 port ports Network switched Make (10/100 Giga bites D-Link, Avaya ,Systemax or Eq ) Mounting accessories of same brand,exhaust fan etc. Required 28 patch cords for patch panel from face plate to systems( Schneider / Corning Original, as redocumented by Engineer as per site requirements. | C6: Nos | D6: 1 | F6: =D6*E6 -> 0
B7: Technology Box: Providing and installing of adjustable 16 SWG MS Powder Coated Furniture/open/surface mounted Tech Box having base of 16 SWG sheet (make Powertel) or equivalent with earth connection, complete in all respects wth following outlets pvc back boxes. | D7: 0
B8: i) 1 No Data RJ-45 Outlet | C8: Nos | D8: 8 | F8: 0
B9: ii) 1 No Telephone RJ-45 Outlet | C9: Nos
B10: iii) 2 Nos 13A 3-pin flat socket (UPS power) | C10: Nos
B11: iv) 1 Nos 5A 3-pin Round Socket (Raw Power) | C11: Nos
A12: 3 | B12: Providing & fixing of Computer Junction Box 12''x12''x3'' powder coated ,16 SWg sheet steel Box. | C12: No | D12: 0
B13: TOTAL | F13: =SUM(F4:F12) -> 0

Sheet Panic Alarm
A1: PANIC ALARM SYSTEM | C1: BREP UPER CHITIRAL
A2: ITEM NO | B2: DESCRIPTION | C2: UNIT | D2: QTY | E2: RATE | F2: AMOUNT
B3: PANIC ALARM SYSTEM
A4: 1 | B4: Providing & Laying of 5-pair Telephone cable in 25 mm dia PVC conduit( Pakistan cable or Fast cable) for panic alarm system and Certificate of Geniuses of Cables and its fixtures/accessories from Authorized Dealer/Distributor must be submitted with the bill.. (Must be fixed in Conduit)
B5: Provide & Installation | C5: Rft | D5: 150 | F5: =D5*E5 -> 0
B6: (Other brand or fake cables will be regected )
C7: TOTAL | F7: =SUM(F5:F6) -> 0

Sheet Earthing sys
A1: EARTHING SYSTEM | C1: BREP UPER CHITIRAL
A2: ITEM NO | B2: DESCRIPTION | C2: UNIT | D2: QTY | E2: RATE | F2: AMOUNT
B3: EARTHING SYSTEM, GROUNDING & BONDING
B4: Providing , installation , testing and commissioning of following items for earthing & bonding system of complete data center including all material, boring, labor, tools, transportation, accessories etc. Complete in all respects including detailed test reports. Estimated earth stations are taken at this stage. Contractor has to check the soil resistivity at site and propose required stations to achieve earth resistance not more than one ohms and Earth Test Report must be submitted with the bill along with Certificate of Geniuses of Electric Cables and its fixtures/accessories from Authorized Dealer/Distributor | C4: Nos | D4: 2 | F4: =D4*E4 -> 0
A5: 1 | B5: EARTH STATIONS
B6: High Conductivity Active Green Earth Station using 38 mm dia tin plated copper pipe including 6" dia, upto 12 FT to 20 FT Pit with 4'x4'x20 in NSL / Ground. and Earth enhancement Electrolytic compound with "Coal ,Salt & Sand with 50mm copper rope ".OR deep boring with 4 inches bore pipe upto "water level"with G-I pipe 2"inch Earth station shall be provided with inspection chamber and heavy duty round MS cover, painted with anti rust paint. The earth lead shall be terminated at the copper pipe using proper cad weld jointing method.
B7: For Main Electrical Panel / UPS DB /Generator / SPDB (if required ) | C7: Nos
A8: 2 | B8: EARTH LEADS / CONDUCTORS
B9: High Conductivity Active Green Earth Station using 38 mm dia tin plated copper pipe including 6" dia, 20' deep boring and earth enhancement electrolytic compound and Earth Test Points. Earth station shall be provided with inspection chamber and heavy duty round MS cover, painted with anti rust paint. The earth lead shall be terminated at the copper pipe using proper cad weld jointing method.
A10: i | B10: Single Core PVC insulated ,1X16 Sqmm Stranded Copper Conductor, green in color in appropriate size of PVC conduits. (From Earth Pit to Earth Point in DB for Generator. | C10: Rft | D10: 100
A11: ii | B11: Single Core PVC insulated , 1X16 Sqmm Stranded Copper Conductor, green in color in appropriate size of PVC conduits. (From Earth Pit to Earth Point in DB for AC System ,Lighting & Power . | C11: Rft | D11: 100
A12: iii | B12: Single Core PVC insulated , 1X16 Sqmm Stranded Copper Conductor, green in color in appropriate size of PVC conduits. (For Earth Bar to PABX and MDF in IT Room) | C12: Rft | D12: 100
A13: iv | B13: Single Core PVC insulated , 1X16 Sqmm Stranded Copper Conductor, green in color in appropriate size of PVC conduits. (For Earth Bar to SPD Panel) | C13: Rft | D13: 100
C14: Total | F14: =SUM(F4:F13) -> 0

Sheet CCTV
A1: CCTV & Q-MATIC SYSTEM | C1: BREP UPER CHITIRAL
A2: ITOM NO | B2: DESCRIPTION | C2: UNIT | D2: QTY | E2: RATE | F2: AMOUNT
A3: CC-TV SYSTEM
B4: WIRING FOR FIRE ALARM, Q-MATIC & CCTV SYSTEM Providing, Installation.
A5: 1 | B5: Supply and Installation of Five pair Fast cable/ Pakistan cable for complete fire alarm system & including appropriate size of PVC conduits. Complete in all respects. | C5: Rft | D5: 200 | F5: =D5*E5 -> 0
A6: 2 | B6: Power wiring for FACP from DB using 3 x 1.5 sqmm single core pvc insulated wires in appropriate size of PVC conduit. Complete in all respects. | C6: Nos | D6: 12 | F6: =D6*E6 -> 0
A7: 3 | B7: Supply and installation of CAT-6 cable for complete CCTV system in & including appropriate size of PVC conduits from DVR to each camera as shown in the layout plans and schematic diagrams. Complete in all respects. (Hikvision or Dahua CAT-6 UTP) | C7: Nos | D7: 12 | F7: =D7*E7 -> 0
A8: 4 | B8: Power circuits wiring for CCTV power from DB-UPS to each camera in looping arrangement using 3 x 1.5 sqmm single core pvc insulated wires in appropriate size of PVC conduit. Complete in all respects. | C8: Nos | D8: 12 | F8: =D8*E8 -> 0
A9: 5 | B9: Wiring for Q-Management System using 6 Pairs 2No. CAT-6 Cable in 20mm dia PVC conduit, buried in floor or concealed in wall/floor, or surface as required including all conduit accessories , back boxes for workstation terminal etc. for Q. Management system. | C9: Nos
B10: TOTAL | F10: =SUM(F5:F9) -> 0
